 Dungeon Crawl Stone Soup version 0.28-a0-779-g3d1f99b579 (webtiles) character file.

Game seed: 17963060510307026430

2 flotson the Sneak (level 1, -5/19 HPs)
             Began as a Ghoul Delver on Nov 2, 2021.
             Slain by an orc (9 damage)
             ... on level 3 of the Dungeon.
             The game lasted 00:01:06 (258 turns).

flotson the Sneak (Ghoul Delver)                     Turns: 258, Time: 00:01:07

Health: -5/19      AC:  3    Str: 15    XL:     1   Next: 40%
Magic:  0/0        EV: 11    Int:  5    God:
Gold:   9          SH:  0    Dex: 10    Spells: 0/0 levels left

rFire   . . .      SeeInvis .   a - +0 battleaxe
rCold   + . .      Faith    .   (shield currently unavailable)
rNeg    + + +      Spirit   .   h - +0 leather armour
rPois   ∞          Reflect  .   (no helmet)
rElec   .          Harm     .   (no cloak)
rCorr   .          Rampage  .   (no gloves)
Will    .....                   (no boots)
Stlth   +++.......              (no amulet)
HPRegen 0.00/turn               (no ring)
MPRegen 0.07/turn               (no ring)

@: inhibited regen
A: claws 1, cold resistance 1, negative energy resistance 3, inhibited
regeneration, torment resistance 2
a: no special abilities


You were on level 3 of the Dungeon.
You visited 1 branch of the dungeon, and saw 3 of its levels.

You collected 9 gold pieces.

Inventory:

Hand Weapons
 a - a +0 battleaxe (weapon)
 b - a +0 hunting sling
Missiles
 k - 4 curare-tipped darts (quivered)
Armour
 h - a +0 leather armour (worn)
Wands
 f - a wand of digging (3)
 g - a wand of mindburst (16)
 j - a wand of paralysis (5)
Scrolls
 c - a scroll of magic mapping
 d - a scroll of fear
 i - a scroll of fog


   Skills:
 + Level 3.3 Fighting
 + Level 0.1 Throwing
 + Level 0.1 Armour
 + Level 1.8 Dodging
 - Level 5.4 Stealth
 - Level 2.2 Unarmed Combat
 + Level 0.1 Evocations


You couldn't memorise any spells.
You didn't know any spells.
Your spell library was empty.

Dungeon Overview and Level Annotations

Branches:
Dungeon (5/15)
 Temple: D:4-7

Altars:


Innate Abilities, Weirdness & Mutations

You thrive by killing the living.
You are immune to poison.
You have sharp fingernails.
Your flesh is cold resistant. (rC+)
You are immune to negative energy. (rN+++)
You do not regenerate when monsters are visible.
You are immune to unholy pain and torment.


Message History

There is a stone staircase leading up here.
You climb upwards.
Found a stone staircase leading up.
There is a stone staircase leading down here.
There is a stone staircase leading up here.
You start resting.
Your extra speed is starting to run out.
You start resting.
You feel yourself slow down.
You start resting.
HP restored.
You climb upwards.
There is a stone staircase leading down here.
a - a +0 battleaxe (weapon)
The helpless hobgoblin fails to defend itself.
You slash the hobgoblin!
You kill the hobgoblin!
Unknown command.
The helpless quokka fails to defend itself.
You slash the quokka!
You kill the quokka!
No target in view!
No target in view!
Found a short sword.
An orc comes into view.
It is wielding a +0 flail. 3 orcs come into view.
The orc shouts!
An orc comes into view. It is wielding a +0 morningstar.
The orc shouts! x2
The orc hits you from afar with a +0 trident.
The orc barely misses you.
The orc shouts!
You hit the orc but do no damage. You hit the orc.
The orc hits you with a +0 dagger. The orc hits you with a +0 trident!
* * * LOW HITPOINT WARNING * * *
The orc hits you with a +0 dagger.
* * * LOW HITPOINT WARNING * * *
The orc closely misses you.
The orc hits you from afar with a +0 trident!
You die...

##### ###...##
#.†..>.#######
#####............#
...........#####.#
..........## #.#
#####.....# #@#
###.### #o# #.#
#o.# #.# #o## #.#
#o #.# #o #.# #.
#.# #. #.# #.


You could see 5 orcs.

Vanquished Creatures
  A hobgoblin (D:3)
  A quokka (D:3)
2 creatures vanquished.

Notes
Turn   | Place    | Note
-------+----------+-------------------------------------------
     0 | D:5      | flotson the Ghoul Delver began the quest for the Orb.
     0 | D:5      | Reached XP level 1. HP: 19/19 MP: 0/0
    43 | D:5      | Noticed a water moccasin zombie
   258 | D:3      | Slain by an orc

Illustrated notes

Levels and vault maps discovered:
D:3:      cheibrodos_thug_alley, layout_loops_ring,
          chequers_serial_rivers_micro_c, uniq_jessica, uniq_terence
D:4:      minmay_diamond_boxcup, layout_loops_ring, old_standard_altar
D:5:      wad_river_or_something, layout_gridville, jmf_multi_god_temple,
          minmay_temple_entry_fiery, uniq_blork_the_orc, uniq_eustachio

Action                   || total
-------------------------++-------
Melee: Battleaxe         ||     3
  Use: Potion            ||     1
 Stab: Sleeping          ||     2
Dodge: Dodged            ||     2

Table legend: (Time is in decaauts)
 A = Elapsed time spent in this place.
 B = Non-inter-level travel time spent in this place.
 C = Inter-level travel time spent in this place.
 D = Time resting spent in this place.
 E = Time spent auto-exploring this place.
 F = Levels seen in this place.
 G = Mean time per level.
                   A        B        C        D        E       F      G
               +--------+--------+--------+--------+--------+-----+--------+
         Total |    240 |    240 |      0 |    153 |     15 |   3 |   80.0 |
       Dungeon |    240 |    240 |      0 |    153 |     15 |   3 |   80.0 |
               +--------+--------+--------+--------+--------+-----+--------+

Top non-repeatable levels by time:
     D:4: 159 daAuts
     D:5: 52 daAuts
     D:3: 28 daAuts
